 Dungeon Crawl Stone Soup version 0.15-a0-23-gfd8676b (webtiles) character file.

2418 Kae the Basher (level 9, -1/70 HPs)
             Began as a Minotaur Fighter on Mar 31, 2014.
             Was a Follower of Okawaru.
             Slain by Joseph
             ... wielding a +0,+0 morningstar
              (13 damage)
             ... on Level 7 of the Dungeon.
             The game lasted 00:08:54 (7125 turns).

Kae the Basher (Minotaur Fighter)                   Turns: 7125, Time: 00:08:54

HP  -1/70        AC  8     Str 23      XL: 9   Next: 14%
MP   4/4         EV  9     Int  7      God: Okawaru [*.....]
Gold 174         SH  0     Dex  9      Spells:  0 memorised,  8 levels left

rFire  . . .     SeeInvis .     b - +1,+0 dire flail
rCold  . . .     Clarity  .     x - +0 scale mail
rNeg   . . .     Conserve .     (no shield)
rPois  .         rCorr    .     (helmet restricted)
rElec  .         rRot     .     e - +0 cloak
SustAb . .       Spirit   .     (no gloves)
rMut   .         Warding  .     (no boots)
Saprov . . .     Stasis   .     (no amulet)
MR     .....                    (no ring)
                                (no ring)

@: not resistant to hostile enchantments, extremely unstealthy
A: retaliatory headbutt, horns 2
a: Heroism, Renounce Religion


You were on level 7 of the Dungeon.
You worshipped Okawaru.
Okawaru was aware of your devotion.
You were not hungry.

You visited 2 branches of the dungeon, and saw 8 of its levels.

You collected 294 gold pieces.
You spent 120 gold pieces at shops.

Inventory:

Hand weapons
 a - a +0,+0 flail
 b - a +1,+0 dire flail (weapon)
 f - a +0,+0 hammer
Missiles
 u - 7 tomahawks (quivered)
Armour
 c - a +0 shield
 e - a +0 cloak (worn)
 x - a +0 scale mail (worn)
Magical devices
 F - a wand of fireball (1) {unknown}
Comestibles
 d - 9 bread rations
 k - a pear
 l - 5 meat rations
 m - 2 apples
 o - 2 chokos
 r - a chunk of adder flesh
 v - a chunk of giant frog flesh
 w - a honeycomb
 E - a snozzcumber
Scrolls
 g - 3 scrolls of identify
 h - a scroll of enchant armour
 i - 3 scrolls of recharging
 n - a scroll of blinking
 y - 2 scrolls of teleportation
Potions
 j - a potion of heal wounds
 p - a potion of mutation
 q - a potion of poison
 s - a potion of restore abilities
 t - a potion of curing
 z - a potion of haste {unknown}
 A - a potion of flight {unknown}


   Skills:
 - Level 3.6 Fighting
 + Level 14.0 Maces & Flails
 - Level 3.6 Armour
   Level 3.6 Shields


You had 8 spell levels left.
You didn't know any spells.

Dungeon Overview and Level Annotations

Branches:
Dungeon (7/15)             Temple (1/1) D:5

Altars:
Ashenzari
Cheibriados
Dithmenos
Kikubaaqudgha
Makhleb
Nemelex Xobeh
Okawaru
Sif Muna
Vehumet
Xom
Yredelemnul
The Shining One

Shops:
D:4 !   D:5 }

Annotations:
D:7 Joseph


Innate Abilities, Weirdness & Mutations

You reflexively headbutt those who attack you in melee.
You have a pair of horns on your head.


Message History

You are too injured to fight recklessly!
You are too injured to fight recklessly!
You are too injured to fight recklessly!
You are too injured to fight recklessly!
You are too injured to fight recklessly!
You are too injured to fight recklessly!
You are too injured to fight recklessly!
You are too injured to fight recklessly!
You hit Joseph.
Joseph is almost dead.
You miss Joseph.
Joseph is almost dead.
Joseph hits you with a morningstar!
* * * LOW HITPOINT WARNING * * *
You hit Joseph but do no damage.
Joseph is almost dead.
You closely miss Joseph.
Joseph is almost dead.
Joseph hits you with a morningstar!
You die...

**########** *,....# #..
********#..........# *,,...# #..
,,,,,,,*#..........# ***#..# #..
,,,,,..*#..........# #..# ##.
,,,,...##..........######..# #.
,,,....''...........#.#.#..# #.
,,.......)..........#...)..# #.
,,..........#.......#####..#####.
,.........#>'.(.@@...............
............#..........####......
..........#......................
.................................
.................................
##..#...#........................
#...'...#.....#..................
#...#............................
#..................##............


You could see Joseph.

Vanquished Creatures
  A spriggan (D:7)
  A hill giant zombie (D:7)
  An orc warrior (D:6)
  An ogre (D:5)
  2 phantoms
  2 centaurs
  Sigmund (D:4)
  The ghost of slix the Ducker, an average FeTm (D:3)
  A giant frog (D:7)
  A gnoll sergeant (D:6)
  5 wights (D:7)
  A centaur zombie (D:5)
  2 orc priests
  3 hounds
  Crazy Yiuf (D:3)
  A jelly (D:5)
  An iguana (D:7)
  5 worker ants
  6 orc wizards
  A worker ant zombie (D:6)
  10 adders
  8 gnolls
  An orc zombie (D:6)
  2 giant mites (D:5)
  An inept feature mimic (D:2)
  A goliath beetle zombie (D:5)
  5 worms
  7 giant geckos
  3 oozes
  13 orcs
  5 giant cockroaches
  22 goblins
  9 hobgoblins
  5 jackals (D:2)
  14 kobolds
  A quokka (D:4)
  3 ball pythons
  16 bats
  5 giant newts
  A hobgoblin skeleton (D:4)
  6 rats
176 creatures vanquished.

Notes
Turn   | Place    | Note
--------------------------------------------------------------
     0 | D:1      | Kae, the Minotaur Fighter, began the quest for the Orb.
     0 | D:1      | Reached XP level 1. HP: 19/19 MP: 1/1
    90 | D:1      | Reached XP level 2. HP: 24/26 MP: 1/1
   227 | D:1      | Reached skill level 4 in Maces & Flails
   558 | D:2      | Reached XP level 3. HP: 27/31 MP: 2/2
   809 | D:2      | Reached skill level 5 in Maces & Flails
  1001 | D:2      | Reached XP level 4. HP: 39/39 MP: 2/2
  1419 | D:3      | Noticed slix's ghost (average FeTm)
  1436 | D:3      | Killed slix's ghost
  1436 | D:3      | Reached skill level 6 in Maces & Flails
  1436 | D:3      | Reached XP level 5. HP: 25/45 MP: 2/2
  1842 | D:3      | Reached skill level 7 in Maces & Flails
  2067 | D:3      | Noticed Crazy Yiuf
  2068 | D:3      | Paralysed by a potion of paralysis for 4 turns
  2075 | D:3      | HP: 2/45 [Crazy Yiuf/quarterstaff of chaos (7)]
  2077 | D:3      | Killed Crazy Yiuf
  2423 | D:4      | Found Thraathrats' Distillery.
  2428 | D:4      | Bought a potion of heal wounds for 30 gold pieces
  2428 | D:4      | Bought a potion of mutation for 25 gold pieces
  2428 | D:4      | Bought a potion of poison for 10 gold pieces
  2428 | D:4      | Bought a potion of agility for 25 gold pieces
  2428 | D:4      | Bought a potion of restore abilities for 30 gold pieces
  2544 | D:4      | Reached XP level 6. HP: 35/51 MP: 3/3
  2852 | D:4      | Reached skill level 8 in Maces & Flails
  3149 | D:4      | Noticed Sigmund
  3172 | D:4      | Killed Sigmund
  3266 | D:4      | Reached skill level 9 in Maces & Flails
  3603 | D:5      | Entered Level 5 of the Dungeon
  3624 | D:5      | Reached XP level 7. HP: 57/57 MP: 3/3
  3656 | D:5      | Found a shattered altar of Ashenzari.
  3689 | D:5      | Found Suseu's Gadget Emporium.
  3935 | D:5      | Reached skill level 10 in Maces & Flails
  4552 | D:5      | Found a staircase to the Ecumenical Temple.
  4563 | Temple   | Entered the Ecumenical Temple
  4948 | D:6      | Reached skill level 11 in Maces & Flails
  5205 | D:6      | Found an iron altar of Okawaru.
  5220 | D:6      | Became a worshipper of Warmaster Okawaru
  5262 | D:6      | Found an ancient bone altar of Kikubaaqudgha.
  5296 | D:6      | Reached XP level 8. HP: 64/64 MP: 3/3
  5308 | D:6      | Found a shadowy altar of Dithmenos.
  5747 | D:6      | Reached skill level 12 in Maces & Flails
  6143 | D:7      | Noticed Joseph
  6390 | D:7      | Acquired Okawaru's first power
  6472 | D:7      | Reached skill level 13 in Maces & Flails
  6785 | D:7      | Reached XP level 9. HP: 27/70 MP: 4/4
  7075 | D:7      | Reached skill level 14 in Maces & Flails
  7125 | D:7      | Slain by Joseph

Action                   |  1- 3 |  4- 6 |  7- 9 || total
-------------------------+-------+-------+-------++-------
Melee: Flail             |   104 |    77 |     5 ||   186
       Hammer            |       |   148 |       ||   148
       Dire flail        |       |     3 |   294 ||   297
  Use: Potion            |       |     5 |     2 ||     7
       Scroll            |       |     4 |     6 ||    10
